Schmensch, lawful female human Priestess --- .- --- . --.. -.| ..-- |.|---...-- |.|-.G....| |.|......- ---.......- ---- ---.........| |<.-- ---- |.........|.| |...| --..----......----.| --..| |..................| |..| |.........-..----..----^-- |............---|-...|.-- |..h......--...--..*...-- --.@|..--...............| --.|..|-...............| ---.|--|................| |...| --.--....----....| |...| -----.--- |..--- ----- --- ---- Schmensch the Priestess Experience level: 4 Strength: 12 Dexterity: 14 Constitution: 13 Intelligence: 16 Wisdom: 10 Charisma: 10 Health: 0(28) Energy: 44(44) Def: 3 Gold: 318 Moves: 1156 Dungeon seed [set]: Game ID: Schmensch_1676289991 Your Inventory: Coins $ - 318 gold pieces Weapons a - a blessed corroded +1 mace (weapon in hand) Armor e - an uncursed +0 robe (being worn) n - an uncursed +0 small shield (being worn) q - an uncursed +0 orcish helm Comestibles l - an uncursed tin of spinach o - 4 uncursed food rations Scrolls k - an uncursed scroll of enchant armor t - an uncursed scroll of scare monster Spellbooks g - an uncursed spellbook of create monster h - an uncursed spellbook of healing i - an uncursed spellbook of protection s - an uncursed spellbook of wizard lock Potions b - 3 potions of holy water Wands f - an uncursed wand of cancellation (0:1) Tools m - an uncursed blindfold p - an uncursed sack u - an uncursed tin whistle Gems r - an uncursed dilithium crystal y - an uncursed ruby z - a blessed touchstone Spells and supernatural/magical abilities: Name Level Category Fail Memory h - healing 1 healing 0% 95% p - protection 1 clerical 0% 95% O - create monster 2 clerical 0% 95% W - pray for help -- divine ? -- X - turn undead -- divine ? -- Your skills at the end: Miscellaneous Skills shield [Basic] wands [Basic] stealth [Skilled] Weapon Skills mace [Basic] Spellcasting Skills clerical spells [Basic] Final Attributes: You were fervently aligned. Your writing hand was ok. You were stealthy. You are dead. Vanquished creatures: 3 gnome lords a floating eye an acid blob 11 gnomes 2 jackals 2 kobolds 4 newts a goblin 3 sewer rats 5 grid bugs 2 lichens 35 creatures vanquished. Voluntary challenges: You did not adorn yourself with jewelry or accessories. You did not cause conflict. You were not invisible. You did not have reflection. You were not displaced. You were an atheist. You used a wielded weapon 41 times, starting on turn 51. You did not use tools. You did not use plumbed fixtures. You did not drink any magical draughts. You read items or engraved 1 time, starting on turn 937. You never genocided any monsters. You never polymorphed an object. You never changed form. You used no wishes. You did not use any artifacts. You never split a pudding. You wrote Elbereth's name 1 time, starting on turn 937. You never violated your personal moral code. Dungeon overview: The Dungeons of Doom: levels 1 to 2 Level 1 a fountain a long staircase Level 2 a vault, some fountains stairs to The Gnomish Mines The Gnomish Mines: levels 3 to 4 Level 3 stairs to The Dungeons of Doom Level 4 <- You were here History has recorded: On T:1 you entered the Dungeons of Doom to retrieve the Amulet of Yendor! On T:448 you reached level 2 of The Dungeons of Doom. On T:449 you advanced to experience level 2. On T:922 you reached level 1 of The Gnomish Mines. On T:935 you advanced to experience level 3. On T:982 you advanced to experience level 4. On T:1078 you reached level 2 of The Gnomish Mines. Score breakdown: Gold: 318 ( 31 points) Experience: 4 levels ( 300 points) Exploration: 4 levels ( 90 points) Discoveries: 12 items ( 600 points) Variety of kills: 11 monsters ( 550 points) Major goal: (nothing yet) ( 0 points) Survival: died (score multiplied by 3) Total score: 4713 Latest messages: You hit the floating eye! As you meet its deep, meaningful gaze, you feel its suffering as though it were your own. You feel better. You kill the floating eye! You hear rumbling in the distance. You see here an uncursed white gem. r - an uncursed white gem. r - an uncursed dilithium crystal. You stop exploring. You hear rumbling in the distance. You stop running. (2x) You are beginning to feel hungry. You hear rumbling in the distance. The dwarf wields a stout spear! You hit the dwarf. The dwarf thrusts one of her stout spears at you. The dwarf jabs you! You hit the dwarf. (2x) The dwarf thrusts one of her stout spears at you. The dwarf jabs you! You die... The sack is empty. The sack is empty. Final status: Goodbye Schmensch the Priestess, killed by a dwarf... You died in The Gnomish Mines on dungeon level 4 with 4713 points, and 318 pieces of gold, after 1156 moves. You were level 4 with a maximum of 28 hit points when you died.